 Dungeon Crawl Stone Soup version 0.32-a0-675-gdc239d62e1 (webtiles) character file.

Game seed: 1631627569349913007

639 Aldia the Apothecary (level 7, 0/46 HPs)
             Began as an Octopode Alchemist on Mar 11, 2024.
             Was an Initiate of Gozag.
             Succumbed to a scorpion's poison
             ... on level 5 of the Dungeon.
             The game lasted 00:10:08 (4661 turns).

Aldia the Apothecary (Octopode Alchemist)           Turns: 4661, Time: 00:10:08

Health: 0/46       AC:  1    Str:  7    XL:     7   Next: 51%
Magic:  6/12       EV: 13    Int: 20    God:    Gozag
Gold:   492        SH:  0    Dex: 12    Spells: 3/13 levels left

rFire   + . .        l - +5 falchion "Goblinbane" {flame, rPois rN+}
rCold   x . .        (no shield)
rNeg    + . .        (helmet restricted)
rPois   +            (no amulet)
rElec   .            b - ring of see invisible
rCorr   .            q - ring of fire
SInv    +            (no ring)
Will    +....        (no ring)
Stlth   +++          (no ring)
HPRegen 0.27/turn    (no ring)
MPRegen 0.13/turn    (no ring)
                     (no ring)

%: no passive effects
@: lethally poisoned (0 -> -7), gold aura, enlightened, flying
A: almost no armour, amphibious, 8 rings, camouflage 1, gelatinous body 1,
(nimble swimmer 1), tentacles
a: Renounce Religion, Potion Petition, Call Merchant, Bribe Branch


You were on level 5 of the Dungeon.
You worshipped Gozag.
Gozag was aware of your devotion.
You visited 1 branch of the dungeon, and saw 5 of its levels.

You collected 515 gold pieces.
You paid 23 gold pieces to Gozag.

Inventory:

Hand Weapons
 g - a +1 dagger of venom
 l - the +5 falchion "Goblinbane" (weapon) {flame, rPois rN+}
   (You found it on level 3 of the Dungeon)

   rPois:     It protects you from poison.
   rN+:       It protects you from negative energy.
Jewellery
 b - a ring of see invisible (left tentacle)
 q - a ring of fire (right tentacle)
Wands
 d - a wand of polymorph (7)
Scrolls
 e - a scroll of enchant weapon {unknown}
 f - a scroll of vulnerability
 h - 2 scrolls of brand weapon
 i - a scroll of noise
 o - a scroll of summoning {unknown}
 p - a scroll of fear {unknown}
Potions
 a - a potion of magic
 c - a potion of lignification {unknown}
 j - a potion of enlightenment
 k - 2 potions of curing {unknown}
 m - a potion of cancellation
 n - a potion of brilliance
 r - a potion of heal wounds {unknown}


   Skills:
 - Level 3.2 Fighting
 + Level 2.3 Dodging
 - Level 3.0 Stealth
 + Level 3.9 Spellcasting
 - Level 2.0 Conjurations
 - Level 2.0 Air Magic
 * Level 6.3 Alchemy


You had 3 spell levels left.
You knew the following spells:

 Your Spells              Type           Power      Damage    Failure   Level
a - Sting                 Conj/Alch      80%        1d8       2%          1
b - Mercury Vapours       Alch/Air       40%        N/A       3%          2
c - Mephitic Cloud        Conj/Alch/Air  17%        N/A       10%         3
d - Olgreb's Toxic Radia  Alch           29%        N/A       10%         4

Your spell library contained the following spells:

 Spells                   Type           Power      Damage    Failure   Level
 Magic Dart               Conj           44%        1d5       6%          1
 Blink                    Tloc           6%         N/A       21%         2
 Call Imp                 Summ           6%         N/A       21%         2
 Ensorcelled Hibernation  Hex/Ice        6%         N/A       21%         2
 Fugue of the Fallen      Necr           3%         N/A       36%         3
 Ignite Poison            Fire/Alch      24%        N/A       34%         4
 Sticky Flame             Fire/Alch      24%        2d6       34%         4
 Anguish                  Hex/Necr       1%         N/A       78%         4
 Manifold Assault         Tloc           3%         N/A       78%         4
 Freezing Cloud           Conj/Ice/Air   4%         6-21      91%         5
 Dispersal                Tloc           1%         N/A       100%        6
 Disjunction              Tloc           1%         N/A       100%        8
 Ignition                 Fire           2%         3d3       100%        8


Dungeon Overview and Level Annotations

Branches:
Dungeon (5/15)
 Temple: D:4-7

Altars:
Cheibriados
Gozag
Okawaru
Vehumet
Yredelemnul

Annotations:
D:3 3 runed translucent doors, Vadun's ghost, weakling TeFi
D:4 Menkaure


Innate Abilities, Weirdness & Mutations

You cannot wear most types of armour.
You are amphibious.
You can wear up to eight rings at the same time.
Your skin changes colour to match your surroundings (Stealth+).
Your rubbery body absorbs attacks. (AC +1, EV +1)
((You are camouflaged when in or above water. (Stealth+)))
You have tentacles for arms and can constrict up to eight enemies at once.


Message History

Unknown command.
You catch the helpless ufetubus completely off-guard!
You hit the ufetubus. You burn the ufetubus. Your grab misses the ufetubus.
The ufetubus is moderately wounded.
The ufetubus hits you.
* * * LOW HITPOINT WARNING * * *
The ufetubus closely misses you.
The ufetubus is engulfed in noxious fumes.
The ufetubus appears confused.
The ufetubus hits you but does no damage.
The ufetubus completely misses you.
The ufetubus barely misses itself.
The ufetubus hits itself.
The scorpion is engulfed in noxious fumes.
The scorpion stings you.
* * * LOW HITPOINT WARNING * * *
You are lethally poisoned!
The scorpion poisons you! The ufetubus barely misses you. x2
Unknown command.
You catch the helpless scorpion completely off-guard!
You hit the scorpion but do no damage. You grab the scorpion.
The scorpion is severely wounded.
You constrict the scorpion!
You kill the scorpion!
* * * LOW HITPOINT WARNING * * *
You feel very sick. The ufetubus misses you. The ufetubus closely misses you.
The ufetubus is engulfed in noxious fumes.
The ufetubus appears confused.
The ufetubus hits you.
* * * LOW HITPOINT WARNING * * *
The ufetubus closely misses you.
Unknown command.
Unknown command.
Unknown command.
Unknown command.
Unknown command.
It was a potion of enlightenment.
You feel very buoyant.
You fly up into the air.
You die...
Your body crumbles into a pile of gold.

# #........# #..
#.######........# #..
#.....##........# #..
#####.##........# #..
######.#.........# #..
#................###..
#.....#...............
###...5ยง##........##..##
......5@##........###...
##......##........# #...
##........$......# #^.~
###.#............# #..P
.........$.......# #...
##.#.....####......##.~
#.........# ......# ..
##.######.# ......# #. +#
##....#


You could see 2 ufetubi.

Vanquished Creatures
  A phantom (D:5)
  3 scorpions
  2 bombardier beetles
  A hound (D:5)
  A sleepcap (D:4)
  Jessica (D:2)
  Terence (D:2)
  Robin (D:2)
  7 adders
  3 gnolls (D:3)
  2 dart slugs
  3 ribbon worms
  4 orcs
  14 ball pythons
  9 endoplasms
  2 giant cockroaches
  11 hobgoblins
  7 jackals
  6 kobolds
  4 quokkas (D:4)
  2 ball python zombies (D:3)
  4 bats
  5 frilled lizards
  15 goblins
  7 rats
116 creatures vanquished.

Notes
Turn   | Place    | Note
-------+----------+-------------------------------------------
     0 | D:1      | Aldia the Octopode Alchemist began the quest for the Orb.
     0 | D:1      | Reached XP level 1. HP: 11/11 MP: 3/3
   209 | D:1      | Reached XP level 2. HP: 13/17 MP: 0/5
   212 | D:1      | Learned a level 2 spell: Mercury Vapours
  1067 | D:2      | Reached skill level 4 in Alchemy
  1067 | D:2      | Reached XP level 3. HP: 20/22 MP: 2/6
  1076 | D:2      | Learned a level 3 spell: Mephitic Cloud
  1357 | D:2      | Noticed Jessica
  1368 | D:2      | Killed Jessica
  1369 | D:2      | Reached skill level 1 in Fighting
  1369 | D:2      | Reached skill level 1 in Air Magic
  1369 | D:2      | Reached XP level 4. HP: 21/28 MP: 1/7
  1596 | D:2      | Found a snail-covered altar of Cheibriados.
  1946 | D:2      | Noticed Terence
  1955 | D:2      | Killed Terence
  1956 | D:2      | Reached XP level 5. HP: 26/34 MP: 4/9
  2028 | D:2      | Noticed Robin
  2036 | D:2      | Killed Robin
  2511 | D:3      | Found an opulent altar of Gozag.
  2517 | D:3      | Identified the +5 falchion "Goblinbane" {flame, rPois rN+}
  2521 | D:3      | Became a worshipper of Gozag Ym Sagoz the Greedy
  2767 | D:3      | Learned a level 4 spell: Olgreb's Toxic Radiance
  2920 | D:3      | Found a runed translucent gate.
  2920 | D:3      | Found a runed translucent gate.
  2920 | D:3      | Found a runed translucent gate.
  2920 | D:3      | Noticed Vadun's ghost (weakling TeFi)
  2922 | D:3      | Found a basalt altar of Yredelemnul.
  3120 | D:3      | Reached XP level 6. HP: 40/40 MP: 5/10
  3370 | D:4      | Noticed Menkaure
  3488 | D:4      | Reached skill level 5 in Alchemy
  3726 | D:4      | HP: 2/41 [sleepcap (6)]
  3879 | D:4      | Found a radiant altar of Vehumet.
  4048 | D:4      | Found an iron altar of Okawaru.
  4290 | D:5      | Entered Level 5 of the Dungeon
  4588 | D:5      | Reached XP level 7. HP: 43/46 MP: 7/12
  4652 | D:5      | Reached skill level 6 in Alchemy
  4660 | D:5      | HP: 2/46 [ufetubus (4)]
  4661 | D:5      | Succumbed to a scorpion's poison

Illustrated notes

Levels and vault maps discovered:
D:1:      dpeg_arrival_pond, layout_loops_ring
D:2:      layout_basic, basic_altar, uniq_jessica, uniq_robin, uniq_terence
D:3:      minmay_octagon_keep, layout_rooms, mainiacjoe_overflow_cross_hatched,
          nicolae_yredelemnul_ghost_church, kennysheep_nondescript
D:4:      layout_rooms, nicolae_vehumet_radiance, mainiacjoe_overflow_alcove_1,
          uniq_menkaure
D:5:      kennysheep_steamy, layout_basic, minmay_liquid_box

Skill      XL: |  1  2  3  4  5  6  7 |
---------------+----------------------+-----
Stealth        | 3 |  3.0
Alchemy        | 4 5 6 |  6.3
Fighting       | 1 2 3 |  3.2
Air Magic      | 1 2 |  2.0
Spellcasting   | 3 |  3.9
Conjurations   | 2 |  2.0
Dodging        | |  2.3

Action                     |  1- 3 |  4- 6 |  7- 9 || total
---------------------------+-------+-------+-------++-------
  Melee: Tentacles         |     3 |    10 |     1 ||    14
         Unarmed           |     1 |       |       ||     1
         Short sword       |    11 |    24 |       ||    35
         Constrict         |     3 |    14 |     1 ||    18
         Falchion          |       |    33 |     9 ||    42
   Cast: Sting             |    57 |   122 |     3 ||   182
         Mercury Vapours   |       |     4 |     1 ||     5
         Mephitic Cloud    |       |     2 |     2 ||     4
    Use: Scroll            |       |     5 |       ||     5
         Potion            |       |       |     1 ||     1
   Stab: Sleeping          |     1 |     5 |       ||     6
         Confused          |       |       |     2 ||     2
 Armour: Skin              |    19 |    44 |    16 ||    79
  Dodge: Dodged            |    22 |    55 |    19 ||    96

Table legend: (Time is in decaauts)
 A = Elapsed time spent in this place.
 B = Non-inter-level travel time spent in this place.
 C = Inter-level travel time spent in this place.
 D = Time resting spent in this place.
 E = Time spent auto-exploring this place.
 F = Levels seen in this place.
 G = Mean time per level.
                   A        B        C        D        E       F      G
               +--------+--------+--------+--------+--------+-----+--------+
         Total |   4669 |   4536 |    133 |    166 |   3587 |   5 |  933.8 |
       Dungeon |   4669 |   4536 |    133 |    166 |   3587 |   5 |  933.8 |
               +--------+--------+--------+--------+--------+-----+--------+

Top non-repeatable levels by time:
     D:2: 1354 daAuts
     D:1: 1049 daAuts
     D:4: 1024 daAuts
     D:3: 868 daAuts
     D:5: 373 daAuts
